 Dungeon Crawl Stone Soup version 0.31-a0-152-g6aa68a64a1 (webtiles) character file.

Game seed: 10360451057442523961

4674 qw the Cleaver (level 10, -2/64 HPs)
             Began as a Gargoyle Fighter on June 10, 2023.
             Was a Believer of Okawaru.
             Slain by a centaur warrior (8 damage)
             ... on level 8 of the Dungeon.
             The game lasted 00:02:52 (6109 turns).

qw the Cleaver (Gargoyle Fighter)                   Turns: 6109, Time: 00:02:53

Health: -2/64      AC: 27    Str: 25    XL:     10   Next: 44%
Magic:  12/13      EV: 12    Int:  8    God:    Okawaru [**....]
Gold:   472        SH:  6    Dex:  9    Spells: 9/9 levels left

rFire   . . .        Y - +1 war axe
rCold   . . .        c - +0 buckler
rNeg    + . .        g - +10 scale mail of Wacu Qad {rPois}
rPois   inf          h - +1 helmet
rElec   +            (no cloak)
rCorr   +            (no gloves)
SInv    .            (no boots)
Will    +....        b - amulet of regeneration
Stlth   +            k - ring of resist corrosion
HPRegen 1.10/turn    j - ring of willpower
MPRegen 0.13/turn

%: no passive effects
@: about to teleport, heroic, weakened
A: sickness immunity, AC +7, negative energy resistance 1, electricity
resistance, torment resistance 1, petrification resistance
a: Renounce Religion, Heroism


You were on level 8 of the Dungeon.
You worshipped Okawaru.
Okawaru was pleased with you.
You visited 2 branches of the dungeon, and saw 9 of its levels.

You collected 528 gold pieces.
You spent 56 gold pieces at shops.


Innate Abilities, Weirdness & Mutations

You are immune to sickness and miasma.
Your stone body is resilient. (AC +7)
You are immune to poison.
You resist negative energy. (rN+)
You are resistant to electric shocks. (rElec)
You are resistant to unholy torment.
You are immune to petrification.


   Skills:
 - Level 8.1(13.1) Fighting
 - Level 11.0(16.0) Axes
 + Level 3.4(8.4) Armour
 - Level 2.7(7.7) Dodging
 - Level 5.1(10.1) Shields
 - Level 4.0 Invocations


You had 9 spell levels left.
You didn't know any spells.
Your spell library was empty.

Inventory:

Hand Weapons
 o - a +0 flail
 Y - a +1 war axe (weapon)
Armour
 c - a +0 buckler (worn)
 g - the +10 scale mail of Wacu Qad (worn) {rPois}
   (You found it on level 4 of the Dungeon)

   rPois:     It protects you from poison.
 h - a +1 helmet (worn)
Jewellery
 b - an amulet of regeneration (around neck)
 j - a ring of willpower (right hand)
 k - a ring of resist corrosion (left hand)
Wands
 m - a wand of digging (5)
Scrolls
 a - 3 scrolls of teleportation
 n - 3 scrolls of identify
Potions
 d - 3 potions of might
 e - a potion of cancellation
 i - 2 potions of curing
 l - a potion of haste

Dungeon Overview and Level Annotations

Branches:
Dungeon (8/15)             Temple (1/1) D:4
   Lair: D:8-11

Altars:
Ashenzari
Cheibriados
Dithmenos
Elyvilon
Fedhas
Gozag
Kikubaaqudgha
Makhleb
Nemelex Xobeh
Okawaru
Qazlal
Ru
Sif Muna
Trog
Uskayaw
Vehumet
Wu Jian
Xom
Yredelemnul
Zin
The Shining One

Shops:
D:2 ?


Message History

The arrow barely misses you.
You hit the wight but do no damage.
The wight is heavily damaged.
You slash the centaur warrior! You hit the troll. You hit the wight.
The centaur warrior hits you but does no damage.
The centaur warrior kicks you but does no damage.
The troll bites you! You block the troll's attack.
The troll claws you but does no damage. The wight hits you but does no damage.
The wight closely misses you. The wight misses you.
You block the wight's attack.
An ice beast comes into view.
The centaur shoots an arrow.
The arrow barely misses you.
The centaur warrior hits you but does no damage.
The centaur warrior barely misses you.
6107 ||| READING 4 scrolls of teleportation.
As you read the scroll of teleportation, it crumbles to dust.
You feel strangely unstable. You block the wight's attack.
The wight barely misses you. x2
The wight misses you. The troll bites you but does no damage.
The troll claws you but does no damage. You block the troll's attack.
The centaur warrior hits you.
The centaur warrior kicks you but does no damage.
You closely miss the wight.
The wight is heavily damaged.
You barely miss the centaur warrior. You hit the troll.
You closely miss the wight. You hit the centaur but do no damage.
The centaur warrior hits you but does no damage.
The centaur warrior completely misses you.
The centaur unwields a +0 orcbow.
The centaur hits you but does no damage.
The centaur kicks you but does no damage.
You block the wight's attack. The wight barely misses you. x2
The wight hits you with a +3 falchion. The troll barely misses you.
The troll claws you. The troll closely misses you.
You closely miss the wight.
The wight is heavily damaged.
You closely miss the troll. You barely miss the wight. You hit the centaur.
You barely miss the centaur warrior. The centaur warrior hits you!
You die...

.. #.########## ...
#...........
...####+####.#####.....
###....#!#....# #.....
.......###.#.## #.....
.....#.......# #.....
...........### #.....
.....zz#...# +.....
......c@..## #.....
.....zzcT...... #.....
..#...oo#...### #.....
#.###K#....##.###....<
# Yg#.....#...../.#.
#.F...#...###......
#.###.#....##...... #.
#....)#......
#...###+#.


You could see a centaur warrior, a troll, an ice beast, a kobold brigand, a
bullfrog, a centaur, a gnoll bouda, 4 wights, an orc wizard and an orc.

Vanquished Creatures
  A two-headed ogre (D:8)
  An unseen horror (D:7)
  Prince Ribbit (D:6)
  Grinder (D:4)
  3 yaks (D:8)
  A wyvern (D:7)
  A basilisk (D:7)
  Eustachio (D:5)
  3 steam dragons
  Menkaure (D:4)
  2 water moccasins
  A sky beast (D:7)
  An ice beast (D:6)
  3 black bears
  2 ogres
  A kobold brigand (D:7)
  6 scorpions
  4 wights
  2 jellies (D:7)
  6 hounds
  3 orc priests
  5 iguanas
  2 sleepcaps (D:5)
  2 orc wizards (D:6)
  2 adders (D:5)
  2 white imps
  10 orcs
  A ball python (D:1)
  6 endoplasms
  2 giant cockroaches (D:1)
  5 goblins
  4 hobgoblins
  7 jackals
  3 quokkas
  3 bats
  5 frilled lizards
  11 kobolds
  6 rats
121 creatures vanquished.

Notes
Turn   | Place    | Note
-------+----------+-------------------------------------------
     0 | D:1      | qw the Gargoyle Fighter began the quest for the Orb.
     0 | D:1      | Reached XP level 1. HP: 14/14 MP: 1/1
     0 | D:1      | 0 ||| qw: Version: 0.2-a-29-g767f381
     0 | D:1      | 0 ||| qw: Game counter: 3907
     0 | D:1      | 0 ||| qw: Always use a shield: true
     0 | D:1      | 0 ||| qw: God list: Okawaru
     0 | D:1      | 0 ||| qw: Allow faded altars: false
     0 | D:1      | 0 ||| qw: Do Orc after D:15 true
     0 | D:1      | 0 ||| qw: Do second Lair branch before Depths: true
     0 | D:1      | 0 ||| qw: Lair rune preference: random
     0 | D:1      | 0 ||| qw: Plans: Normal, Zot:1-4, Slime:5, God:TSO, Crypt,
                  | Tomb, Abyss, Pan, Hells, Win
     0 | D:1      | 0 ||| PLANNING D:1-11
    50 | D:1      | Reached skill level 2 in Axes
   113 | D:1      | 113 ||| Stepping ~*~*~tactically~*~*~ (stealth).
   122 | D:1      | Reached XP level 2. HP: 14/19 MP: 2/2
   347 | D:1      | 347 ||| Stepping ~*~*~tactically~*~*~ (hiding).
   396 | D:1      | Reached skill level 3 in Axes
   612 | D:1      | Reached XP level 3. HP: 22/23 MP: 3/3
   658 | D:1      | 658 ||| DROPPING +0 club.
   749 | D:1      | 749 ||| UPGRADING to +0 helmet.
   754 | D:1      | 754 ||| READING scroll labelled HOLUOSHR ROASUI.
   755 | D:1      | 755 ||| READING scroll labelled ANWYOC WEOCHOA.
  1035 | D:2      | 1035 ||| DROPPING +0 whip.
  1321 | D:2      | 1321 ||| Stepping ~*~*~tactically~*~*~ (stealth).
  1322 | D:2      | 1322 ||| Stepping ~*~*~tactically~*~*~ (stealth).
  1324 | D:2      | 1324 ||| Stepping ~*~*~tactically~*~*~ (stealth).
  1330 | D:2      | 1330 ||| Stepping ~*~*~tactically~*~*~ (hiding).
  1582 | D:2      | Found Wosif's Magic Scroll Shop.
  1585 | D:2      | 1585 ||| BUYING scroll of identify (28 gold).
  1585 | D:2      | Bought a scroll of identify for 28 gold pieces
  1585 | D:2      | 1585 ||| BUYING scroll of identify (28 gold).
  1585 | D:2      | Bought a scroll of identify for 28 gold pieces
  1585 | D:2      | 1585 ||| SHOPLISTING scroll of identify (28 gold, have 15).
  1798 | D:2      | 1798 ||| UPGRADING to ring of resist corrosion.
  1799 | D:2      | 1799 ||| READING scroll labelled XAASAK CESHOC.
  1802 | D:2      | 1802 ||| READING scroll labelled ZUSMEYTHRATT.
  1803 | D:2      | 1803 ||| READING scroll labelled FOAQIE EMI QIE.
  1804 | D:2      | 1804 ||| READING scroll labelled INLI POTUS MIC.
  1805 | D:2      | 1805 ||| READING scroll labelled ZEFUCABYMEN.
  1822 | D:2      | 1822 ||| READING 3 scrolls of identify.
  1822 | D:2      | 1822 ||| IDENTIFYING bubbling silvery potion
  1823 | D:2      | 1823 ||| READING 2 scrolls of identify.
  1823 | D:2      | 1823 ||| IDENTIFYING ruby potion
  2047 | D:3      | Found a snail-covered altar of Cheibriados.
  2288 | D:3      | Noticed a scorpion
  2297 | D:3      | Killed a scorpion
  2298 | D:3      | Reached skill level 4 in Axes
  2298 | D:3      | Reached XP level 4. HP: 28/28 MP: 4/4
  2409 | D:3      | 2409 ||| DROPPING +0 mace.
  2440 | D:3      | 2440 ||| UPGRADING to +0 chain mail.
  2450 | D:3      | 2450 ||| DROPPING +0 scale mail.
  2451 | D:3      | 2451 ||| READING scroll labelled VOENUQ INGOELIF.
  2472 | D:4      | Noticed a scorpion
  2482 | D:4      | Killed a scorpion
  2483 | D:4      | Reached skill level 5 in Axes
  2483 | D:4      | Reached XP level 5. HP: 25/32 MP: 5/5
  2520 | D:4      | Identified the +10 scale mail of Wacu Qad {rPois}
  2627 | D:4      | Noticed Menkaure
  2639 | D:4      | Killed Menkaure
  2640 | D:4      | Reached XP level 6. HP: 11/38 MP: 6/6
  2767 | D:4      | 2767 ||| Stepping ~*~*~tactically~*~*~ (stealth).
  2823 | D:4      | Found a staircase to the Ecumenical Temple.
  2824 | D:4      | 2824 ||| PLANNING TEMPLE
  2824 | D:4      | 2824 ||| UPGRADING to +10 scale mail of Wacu Qad {rPois}.
  2834 | D:4      | 2834 ||| DROPPING +0 chain mail.
  2835 | D:4      | 2835 ||| UPGRADING to amulet of regeneration.
  2840 | D:4      | 2840 ||| READING scroll labelled GYNLASUBIE.
  2841 | D:4      | 2841 ||| DRINKING 2 viscous puce potions.
  2851 | D:4      | Noticed Grinder
  2852 | D:4      | 2852 ||| Stepping ~*~*~tactically~*~*~ (hiding).
  2854 | D:4      | 2854 ||| Stepping ~*~*~tactically~*~*~ (hiding).
  2871 | D:4      | Paralysed by Grinder for 5 turns
  2883 | D:4      | Killed Grinder
  2884 | D:4      | Reached XP level 7. HP: 41/43 MP: 7/7
  2888 | Temple   | Entered the Ecumenical Temple
  2889 | Temple   | 2889 ||| PLANNING OKAWARU WORSHIP
  2938 | Temple   | Became a worshipper of Warmaster Okawaru
  2938 | Temple   | 2938 ||| PLANNING D:1-11
  3434 | D:5      | Entered Level 5 of the Dungeon
  3444 | D:5      | Reached skill level 6 in Axes
  3449 | D:5      | 3449 ||| Stepping ~*~*~tactically~*~*~ (stealth).
  3591 | D:5      | Reached * piety under Okawaru
  3612 | D:5      | Reached skill level 7 in Axes
  3612 | D:5      | Reached skill level 1 in Invocations
  3612 | D:5      | Reached XP level 8. HP: 48/48 MP: 8/8
  3705 | D:5      | Noticed Eustachio
  3706 | D:5      | 3706 ||| INVOKING Heroism.
  3736 | D:5      | 3736 ||| INVOKING Heroism.
  3738 | D:5      | Killed Eustachio
  3739 | D:5      | Reached skill level 3 in Invocations
  4038 | D:5      | Found a bloodstained altar of Trog.
  4038 | D:5      | Found a burning altar of Makhleb.
  4069 | D:5      | 4069 ||| DROPPING scarf of harm.
  4070 | D:5      | 4070 ||| UPGRADING to ring of willpower.
  4071 | D:5      | 4071 ||| READING scroll labelled EPOSCH CE XISS.
  4072 | D:5      | 4072 ||| READING 2 scrolls labelled UCOREBYLYFE.
  4073 | D:5      | 4073 ||| READING scroll of enchant armour.
  4073 | D:5      | 4073 ||| ENCHANTING +0 helmet.
  4091 | D:6      | Noticed Prince Ribbit
  4092 | D:6      | 4092 ||| INVOKING Heroism.
  4104 | D:6      | Killed Prince Ribbit
  4145 | D:6      | Reached skill level 8 in Axes
  4237 | D:6      | 4237 ||| INVOKING Heroism.
  4313 | D:6      | 4313 ||| INVOKING Heroism.
  4314 | D:6      | 4314 ||| Stepping ~*~*~tactically~*~*~ (stealth).
  4410 | D:6      | 4410 ||| Stepping ~*~*~tactically~*~*~ (hiding).
  4534 | D:6      | 4534 ||| INVOKING Heroism.
  4542 | D:6      | Reached skill level 6 in Fighting
  4542 | D:6      | Reached XP level 9. HP: 36/55 MP: 9/12
  4586 | D:6      | Found a shimmering altar of Xom.
  4632 | D:6      | Found an opulent altar of Gozag.
  4799 | D:6      | 4799 ||| INVOKING Heroism.
  4904 | D:6      | Reached skill level 9 in Axes
  5009 | D:6      | 5009 ||| Stepping ~*~*~tactically~*~*~ (stealth).
  5010 | D:6      | 5010 ||| INVOKING Heroism.
  5139 | D:7      | 5139 ||| Stepping ~*~*~tactically~*~*~ (stealth).
  5140 | D:7      | 5140 ||| INVOKING Heroism.
  5150 | D:7      | Killed an unseen horror
  5286 | D:7      | 5286 ||| Stepping ~*~*~tactically~*~*~ (hiding).
  5287 | D:7      | 5287 ||| INVOKING Heroism.
  5331 | D:7      | Reached ** piety under Okawaru
  5405 | D:7      | 5405 ||| Stepping ~*~*~tactically~*~*~ (hiding).
  5424 | D:7      | Reached skill level 10 in Axes
  5424 | D:7      | Reached XP level 10. HP: 64/64 MP: 13/13
  5462 | D:7      | 5462 ||| INVOKING Heroism.
  5524 | D:7      | 5524 ||| Stepping ~*~*~tactically~*~*~ (stealth).
  5532 | D:7      | 5532 ||| INVOKING Heroism.
  5893 | D:7      | 5893 ||| DROPPING +6 ring of intelligence.
  5894 | D:7      | 5894 ||| READING 3 scrolls of identify.
  5894 | D:7      | 5894 ||| IDENTIFYING orange potion
  5895 | D:7      | 5895 ||| DROPPING potion of degeneration.
  5968 | D:8      | 5968 ||| Stepping ~*~*~tactically~*~*~ (stealth).
  6015 | D:8      | 6015 ||| Stepping ~*~*~tactically~*~*~ (stealth).
  6090 | D:8      | Noticed a two-headed ogre
  6091 | D:8      | 6091 ||| INVOKING Heroism.
  6092 | D:8      | Noticed a centaur warrior
  6099 | D:8      | Identified the +3 leather armour "Feonebe" {Int+7 Dex-2
                  | Stlth+}
  6100 | D:8      | Killed a two-headed ogre
  6103 | D:8      | Reached skill level 11 in Axes
  6106 | D:8      | HP: 15/64 [troll (12)]
  6107 | D:8      | 6107 ||| READING 4 scrolls of teleportation.
  6108 | D:8      | HP: 5/64 [troll (4)]
  6109 | D:8      | Slain by a centaur warrior

Levels and vault maps discovered:
D:1:      onia_arrival_pyramid, layout_basic
D:2:      layout_loops_ring, serial_shops, nicolae_shop_rolled_up,
          roderic_lattice_a, kennysheep_nub
D:3:      layout_loops_ring, mainiacjoe_overflow_tiny_flanked,
          grunt_decor_mini_mirrors
D:4:      layout_basic, minmay_temple_entry_stoned_glass, uniq_menkaure,
          uniq_grinder
D:5:      layout_loops_ring, gammafunk_temple_overflow_pools, uniq_eustachio
D:6:      layout_cave_pods, marbit_many_paths, xom_butterflies,
          uniq_prince_ribbit1
D:7:      layout_loops_ring
D:8:      hangedman_cross_stitches, layout_basic,
          nicolae_hepliaklqana_hazy_memory, kennysheep_cross_bottleneck,
          grunt_tough_drop
Temple:   nicolae_temple_x_marks_the_god

Skill      XL: |  1  2  3  4  5  6  7  8  9 10 |
---------------+-------------------------------+-----
Axes           | 2 3 4 5 7 8 10 11 | 11.0
Fighting       | 4 6 7 8 |  8.1
Dodging        | 2 |  2.7
Invocations    | 1 4 |  4.0
Shields        | 4 5 |  5.1
Armour         | |  3.4

Action                     |  1- 3 |  4- 6 |  7- 9 | 10-12 || total
---------------------------+-------+-------+-------+-------++-------
  Melee: War axe           |   115 |    55 |   268 |    57 ||   495
 Invoke: Heroism           |       |       |    10 |     3 ||    13
    Use: Scroll            |     9 |     2 |     3 |     2 ||    16
         Potion            |       |     1 |       |       ||     1
 Armour: Scale mail        |    64 |    11 |   197 |    61 ||   333
         Chain mail        |       |    17 |       |       ||    17
         Skin              |       |       |    13 |       ||    13
  Dodge: Dodged            |    40 |    17 |   109 |    38 ||   204
  Block: Buckler           |    24 |     5 |    52 |    17 ||    98

Table legend:
 A = Non-vault XP
 B = Vault XP
 C = Vault XP percentage of total XP
 D = Non-vault monster count
 E = Vault monster count
 F = Vault count percentage of total count
                 A         B        C        D         E       F
            +---------+---------+-------+---------+---------+-------
      Total |    4831 |    1847 |  27.7 |     115 |       6 |   5.0
            +---------+---------+-------+---------+---------+-------
        D:1 |      38 |       0 |   0.0 |      22 |       0 |   0.0
        D:2 |      19 |       0 |   0.0 |      13 |       0 |   0.0
        D:3 |      97 |       0 |   0.0 |       7 |       0 |   0.0
        D:4 |     179 |     431 |  70.7 |      12 |       2 |  14.3
        D:5 |     769 |     188 |  19.6 |      13 |       1 |   7.1
        D:6 |     987 |     415 |  29.6 |      18 |       2 |  10.0
        D:7 |    2001 |       0 |   0.0 |      21 |       0 |   0.0
        D:8 |     741 |     813 |  52.3 |       9 |       1 |  10.0
            +---------+---------+-------+---------+---------+-------
